 Dungeon Crawl Stone Soup version 0.21.1 (webtiles) character file.

3390 nikopol the Thaumaturge (level 9, -14/47 HPs)
             Began as a Deep Elf Fire Elementalist on Feb 4, 2018.
             Was a Follower of Vehumet.
             Demolished by a slime creature (19 damage)
             ... on level 8 of the Dungeon on Feb 5, 2018.
             The game lasted 00:45:31 (9635 turns).

nikopol the Thaumaturge (DEFE)                      Turns: 9635, Time: 00:45:32

Health: -14/47     AC: 11    Str:  5      XL:     9   Next: 74%
Magic:  30/40      EV: 16    Int: 25 (27) God:    Vehumet [*.....]
Gold:   16         SH:  4    Dex: 15      Spells: 14/28 levels left

rFire    + . .     SeeInvis .   D - staff of power
rCold    . . .     Gourm    .   (no shield)
rNeg     . . .     Faith    .   a - +0 robe
rPois    +         Spirit   .   x - +2 helmet {Int+3}
rElec    .         Reflect  +   J - +2 cloak {rPois}
rCorr    .         Harm     .   C - +2 pair of gloves
MR       .....                  (no boots)
Stlth    +++.......             E - +4 amulet of reflection
HPRegen  0.15/turn              r - ring of protection from fire
MPRegen  0.27/turn              s - ring of wizardry

@: no status effects
A: no striking features
a: Renounce Religion


You were on level 8 of the Dungeon.
You worshipped Vehumet.
Vehumet was aware of your devotion.
You were not hungry.

You visited 1 branch of the dungeon, and saw 8 of its levels.

You collected 316 gold pieces.
You spent 300 gold pieces at shops.

Inventory:

Hand Weapons
 k - the +2 great sword of the End {freeze, rElec Dex+6, unknown}
   (You found it on level 8 of the Dungeon)

   It has been specially enchanted to freeze those struck by it, causing extra
   injury to most foes and up to half again as much damage against particularly
   susceptible opponents.
   It can also slow down cold-blooded creatures.
   It affects your dexterity (+6).
   It insulates you from electricity.
Armour
 a - a +0 robe (worn)
 x - a +2 helmet of intelligence (worn)
 C - a +2 pair of gloves (worn)
 J - a +2 cloak of poison resistance (worn)
Magical Staves
 D - an uncursed staff of power (weapon)
Jewellery
 r - a ring of protection from fire (left hand)
 s - a ring of wizardry (right hand)
 E - a +4 amulet of reflection (around neck)
Wands
 y - a wand of random effects (19)
 H - a wand of enslavement (16)
Scrolls
 g - 4 scrolls of remove curse
 j - 2 scrolls of enchant armour
 m - a scroll of fear
 n - a scroll of fog
 o - 8 scrolls of amnesia
 p - 2 scrolls of teleportation
 v - a scroll of enchant weapon
 A - a scroll of magic mapping
Potions
 d - 2 potions of mutation
 e - a potion of berserk rage {unknown}
 f - 2 potions of brilliance
 h - a potion of resistance {unknown}
 q - 2 potions of flight {unknown}
 u - 5 potions of curing
 w - 5 potions of agility
 z - a potion of lignification {unknown}
Books
 b - a book of Flames

   Spells                             Type                      Level
   a - Flame Tongue                   Conjuration/Fire             1
   b - Throw Flame                    Conjuration/Fire             2
   c - Conjure Flame                  Conjuration/Fire             3
   d - Inner Flame                    Hexes/Fire                   3
   e - Sticky Flame                   Conjuration/Fire             4
   f - Fireball                       Conjuration/Fire             5
 t - a book of Debilitation

   Spells                             Type                      Level
   a - Corona                         Hexes                        1
   b - Slow                           Hexes                        2
   c - Inner Flame                    Hexes/Fire                   3
   d - Portal Projectile              Hexes/Translocation          3
   e - Cause Fear                     Hexes                        4
   f - Leda's Liquefaction            Hexes/Earth                  4
 I - a book of Geomancy

   Spells                             Type                      Level
   a - Sandblast                      Earth                        1
   b - Passwall                       Transmutation/Earth          2
   c - Stone Arrow                    Conjuration/Earth            3
   d - Petrify                        Transmutation/Earth          4
   e - Lee's Rapid Deconstruction     Earth                        5
Miscellaneous
 i - a lightning rod (4/4)
Comestibles
 c - 14 rations


   Skills:
 + Level 1.0 Fighting
   Level 0.3 Short Blades
 + Level 0.1 Staves
 + Level 6.0 Dodging
 + Level 4.6 Stealth
 + Level 10.1 Spellcasting
 + Level 7.8 Conjurations
 + Level 8.4 Fire Magic
   Level 1.2 Poison Magic


You had 14 spell levels left.
You knew the following spells:

 Your Spells              Type           Power        Failure   Level  Hunger
a - Flame Tongue          Conj/Fire      #####        1%          1    None
b - Throw Flame           Conj/Fire      ######       1%          2    None
c - Conjure Flame         Conj/Fire      ######..     1%          3    None
d - Fireball              Conj/Fire      ######....   1%          5    ####...
f - Stone Arrow           Conj/Erth      ####..       1%          3    None


Dungeon Overview and Level Annotations

Branches:
Dungeon (8/15)             Temple (0/1) D:5
   Lair: D:8-11

Altars:
Ashenzari
Cheibriados
Dithmenos
Elyvilon
Fedhas
Gozag
Hepliaklqana
Sif Muna
Trog
Vehumet
Wu Jian
Xom
Zin
Jiyva

Shops:
D:4 *   D:5 *   D:8 [


Message History

Aim: a slime creature (heavily wounded)
The puff of flame hits the slime creature.
The slime creature is severely wounded.
The slime creature closely misses you.
Casting: Throw Flame
Confirm with . or Enter, or press ? or * to list all spells.
Aiming: Throw Flame
Press: ? - help, Shift-Dir - straight line, f/p - slime creature
Aim: a slime creature (severely wounded)
The puff of flame misses the slime creature.
The slime creature barely misses you.
Casting: Throw Flame
Confirm with . or Enter, or press ? or * to list all spells.
Aiming: Throw Flame
Press: ? - help, Shift-Dir - straight line, f/p - slime creature
Aim: a slime creature (severely wounded)
The puff of flame hits the slime creature.
The slime creature is severely wounded.
The slime creature hits you!!
You die...

..........####.$...###
.#..#.....# #..$_$..#
..........####.$(:.###
.#.##.....##..J.G...J#
.#.##.....###..#J#..##
....#..)..####©###.##
)...#.=!=..# #######
......###..# #####
..).### #..# #.@.#
....# ##..#####J##
....# #.........#
...## #+#.....###
...### #_#.....#
.....# #'#.#####
.....# #...# ##.>.#
##### #####


You could see a great orb of eyes, a very large slime creature and a slime
creature.

Vanquished Creatures
  A two-headed ogre (D:8)
  Sigmund (D:4)
  Eustachio (D:5)
  Edmund (D:4)
  2 water moccasins
  An orc warrior (D:6)
  An ice beast (D:6)
  A black bear (D:8)
  An ogre (D:6)
  3 bullfrogs
  A gnoll sergeant (D:8)
  4 scorpions
  An oklob sapling (D:5)
  6 killer bees (D:7)
  A centaur zombie (D:8)
  2 crimson imps
  2 quasits
  2 orc priests
  Crazy Yiuf (D:7)
  A hound (D:4)
  4 orc wizards
  A bullfrog skeleton (D:7)
  2 centaur skeletons
  Jessica (D:2)
  Terence (D:2)
  An iguana (D:5)
  3 worker ants
  A hound skeleton (D:8)
  A worker ant zombie (D:5)
  Robin (D:3)
  5 gnolls (D:8)
  16 adders
  5 oozes
  An adder zombie (D:7)
  4 worms
  A dart slug (D:1)
  7 leopard geckos
  19 orcs
  3 ball pythons
  5 giant cockroaches
  22 goblins
  6 hobgoblins
  8 jackals
  2 quokkas
  A ball python zombie (D:4)
  2 bats (D:1)
  7 frilled lizards
  A jackal skeleton (D:4)
  8 kobolds
  10 rats
183 creatures vanquished.

Notes
Turn   | Place    | Note
-------+----------+-------------------------------------------
     0 | D:1      | nikopol the Deep Elf Fire Elementalist began the quest for the Orb.
     0 | D:1      | Reached XP level 1. HP: 10/10 MP: 6/6
    26 | D:1      | Reached XP level 2. HP: 15/15 MP: 5/8
   376 | D:1      | Reached XP level 3. HP: 19/19 MP: 7/9
   906 | D:2      | Reached XP level 4. HP: 24/24 MP: 8/11
  1181 | D:2      | Noticed Jessica
  1186 | D:2      | Killed Jessica
  1186 | D:2      | Reached skill level 4 in Spellcasting
  1494 | D:2      | Reached XP level 5. HP: 25/28 MP: 7/13
  1761 | D:2      | Noticed Terence
  1772 | D:2      | Learned a level 2 spell: Throw Flame
  1776 | D:2      | Learned a level 3 spell: Conjure Flame
  1782 | D:2      | Learned a level 5 spell: Fireball
  2893 | D:4      | Noticed Edmund
  2907 | D:4      | Noticed Sigmund
  3035 | D:2      | Killed Terence
  3201 | D:4      | Noticed Robin
  3223 | D:4      | Reached skill level 5 in Spellcasting
  3223 | D:4      | Reached skill level 5 in Fire Magic
  3223 | D:4      | Reached XP level 6. HP: 32/32 MP: 12/15
  3256 | D:4      | Found a white marble altar of Elyvilon.
  3256 | D:4      | Found a bloodstained altar of Trog.
  3435 | D:4      | Killed Sigmund
  3512 | D:4      | Found Xiqos's Assorted Antiques.
  3527 | D:4      | Found a deep blue altar of Sif Muna.
  3534 | D:4      | Became a worshipper of Sif Muna the Loreminder
  3892 | D:4      | Killed Edmund
  3892 | D:4      | Reached skill level 6 in Spellcasting
  3892 | D:4      | Reached XP level 7. HP: 36/36 MP: 3/18
  4027 | D:4      | Found a snail-covered altar of Cheibriados.
  4045 | D:4      | Found a shadowy altar of Dithmenos.
  4104 | D:3      | Killed Robin
  4409 | D:5      | Entered Level 5 of the Dungeon
  4721 | D:5      | Found a staircase to the Ecumenical Temple.
  4896 | D:5      | Found a radiant altar of Vehumet.
  4939 | D:5      | Fell from the grace of Sif Muna
  4939 | D:5      | Became a worshipper of Vehumet
  5065 | D:5      | Found Ving's Serpentskin Sales.
  5075 | D:5      | Reached XP level 8. HP: 42/42 MP: 3/20
  5368 | D:5      | Noticed Eustachio
  5396 | D:5      | Killed Eustachio
  5396 | D:5      | Reached skill level 7 in Spellcasting
  5809 | D:5      | Reached skill level 5 in Dodging
  6060 | D:6      | Found an opulent altar of Gozag.
  6150 | D:6      | Noticed a troll
  6211 | D:6      | Reached skill level 5 in Conjurations
  7123 | D:6      | Reached skill level 8 in Spellcasting
  7188 | D:6      | Was forgiven by Sif Muna
  7347 | D:6      | Got a brightly glowing ivory ring
  7479 | D:6      | Reached * piety under Vehumet
  7479 | D:6      | Offered knowledge of Sting by Vehumet.
  7864 | D:7      | Found a glowing silver altar of Zin.
  7864 | D:7      | Found a blossoming altar of Fedhas.
  7869 | D:7      | Found a shattered altar of Ashenzari.
  7940 | D:7      | Learned a level 1 spell: Sting
  8269 | D:7      | Found a shimmering altar of Xom.
  8303 | D:7      | Reached XP level 9. HP: 44/46 MP: 23/23
  8318 | D:7      | Reached skill level 9 in Spellcasting
  8438 | D:7      | Reached skill level 1 in Poison Magic
  8514 | D:7      | Found an ornate altar of the Wu Jian Council.
  8527 | D:7      | Learned a level 3 spell: Stone Arrow
  8577 | D:7      | Found a runed door.
  8715 | D:7      | Noticed Crazy Yiuf
  8721 | D:7      | Killed Crazy Yiuf
  8873 | D:8      | Noticed a two-headed ogre
  8884 | D:8      | Killed a two-headed ogre
  8884 | D:8      | Reached skill level 10 in Spellcasting
  9036 | D:8      | Found a transporter.
  9037 | D:8      | Found a viscous altar of Jiyva.
  9094 | D:8      | Found a hazy altar of Hepliaklqana.
  9206 | D:8      | Identified the ring of Beigieliu {*Tele MR++} (You took it off an orc on level 6 of the Dungeon)
  9273 | D:8      | Reached skill level 1 in Fighting
  9406 | D:8      | Found Suukk's Antique Armour Boutique.
  9414 | D:8      | Bought a runed helmet for 150 gold pieces
  9414 | D:8      | Bought a pair of runed gloves for 150 gold pieces
  9616 | D:8      | Found a transporter.
  9617 | D:8      | Noticed a great orb of eyes
  9621 | D:8      | Got a blackened great sword
  9635 | D:8      | Demolished by a slime creature

Skill      XL: |  1  2  3  4  5  6  7  8  9 |
---------------+----------------------------+-----
Dodging        | 3 4 5 6 |  6.0
Fire Magic     | 4 5 6 7 8 |  8.4
Spellcasting   | 4 5 6 8 10 | 10.1
Conjurations   | 2 3 4 6 7 |  7.8
Stealth        | 3 4 |  4.6
Poison Magic   | 1 |  1.2
Fighting       | 1 |  1.0
Short Blades   | |  0.3
Staves         | |  0.1

Action                   |  1- 3 |  4- 6 |  7- 9 || total
-------------------------+-------+-------+-------++-------
Melee: Dagger            |       |       |     9 ||     9
       Staff             |       |       |    37 ||    37
 Cast: Flame Tongue      |    54 |   189 |   262 ||   505
       Conjure Flame     |       |     8 |    20 ||    28
       Throw Flame       |       |     8 |    33 ||    41
       Fireball          |       |       |    11 ||    11
       Sting             |       |       |    24 ||    24
       Stone Arrow       |       |       |     2 ||     2
  Use: Scroll            |       |     2 |    13 ||    15
 Stab: Sleeping          |       |       |     1 ||     1
  Eat: Chunk             |       |     6 |    14 ||    20
       Ration            |       |     1 |     2 ||     3
Armor: Robe              |     3 |    28 |    43 ||    74
Dodge: Dodged            |    11 |    72 |   125 ||   208
Block: Other             |       |       |     2 ||     2
